 Dungeon Crawl Stone Soup version 0.20.0-8-g6b59dc7 (webtiles) character file.

10656 ChaseSP the Severer (level 11, -10/99 HPs)
             Began as a Deep Dwarf Fighter on June 1, 2017.
             Was a Believer of Makhleb.
             Mangled by a cyclops (14 damage)
             ... on level 11 of the Dungeon.
             The game lasted 00:16:49 (8209 turns).

ChaseSP the Severer (Deep Dwarf Fighter)            Turns: 8209, Time: 00:16:49

Health: -10/99     AC: 18    Str: 20    XL:     11   Next: 39%
Magic:  4/4        EV: 10    Int:  9    God:    Makhleb [**....]
Gold:   259        SH:  4    Dex: 15    Spells: 10/10 levels left

rFire    + . .     SeeInvis .   r - +3 battleaxe
rCold    x . .     Gourm    .   (shield currently unavailable)
rNeg     . . .     Faith    .   q - +0 plate armour
rPois    .         Spirit   .   x - +0 helmet
rElec    .         Reflect  .   w - +2 cloak
rCorr    .         Harm     +   y - +0 pair of gloves
MR       ++...                  (no boots)
Stlth    ..........             L - amulet of harm
Regen    0.0/turn               V - ring of fire
MPRegen  0.1/turn               (no ring)

@: non-regenerating
A: damage resistance, heal wounds, large bone plates 1, high mp 1, magic
resistance 1, sense surroundings 2, no regeneration
a: Heal Wounds, Minor Destruction, Renounce Religion


You were on level 11 of the Dungeon.
You worshipped Makhleb.
Makhleb was pleased with you.
You were not hungry.

You visited 2 branches of the dungeon, and saw 12 of its levels.

You collected 488 gold pieces.
You spent 229 gold pieces at shops.

Inventory:

Hand Weapons
 r - a +3 battleaxe (weapon)
 H - a +0 morningstar
 J - a +0 great mace
Missiles
 Q - 17 bolts
Armour
 q - a +0 plate armour (worn)
 s - the +1 ring mail of the Aged Beds {*Slow rF++ Str+3}
   (You found it on level 11 of the Dungeon)

   It affects your strength (+3).
   It greatly protects you from fire.
   It may slow you when you take damage.
 w - a +2 cloak (worn)
 x - a +0 helmet (worn)
 y - a +0 pair of gloves (worn)
Jewellery
 o - an uncursed ring of magical power
 L - an amulet of harm (around neck)
 V - a ring of fire (left hand)
Wands
 a - a wand of random effects (23/48)
 z - a wand of acid (3/15)
 I - a wand of polymorph (14/24)
 M - a wand of scattershot (3/9)
 P - a wand of polymorph (10/24)
 R - a wand of lightning (9/15)
Scrolls
 d - a scroll of magic mapping
 e - 9 scrolls of identify
 h - 3 scrolls of enchant armour
 k - 7 scrolls of teleportation
 n - 2 scrolls of amnesia {unknown}
 t - 2 scrolls of fog
 u - 4 scrolls of remove curse
 C - a scroll of noise
 E - a scroll of recharging {unknown}
 G - a scroll of random uselessness {unknown}
 O - a scroll of holy word {unknown}
Potions
 b - a potion of might
 i - 3 potions of curing
 j - 5 potions of mutation
 l - a potion of invisibility
 m - 3 potions of brilliance
 A - a potion of haste
 B - a potion of magic {unknown}
 D - 2 potions of agility {unknown}
 F - a potion of lignification {unknown}
 K - a potion of cancellation {unknown}
Books
 N - Sif Muna's Collected Works on the Dusty Oath
   (You found it on level 9 of the Dungeon)

   Spells                             Type                      Level
   a - Slow                           Hexes                        2
   b - Passwall                       Transmutation/Earth          2
   c - Dazzling Spray                 Conjuration/Hexes            3
   d - Inner Flame                    Hexes/Fire                   3
   e - Petrify                        Transmutation/Earth          4
   f - Silence                        Hexes/Air                    5
Comestibles
 f - 10 bread rations
 g - 16 royal jellies
 p - 9 meat rations


   Skills:
 - Level 6.7 Fighting
 * Level 15.1 Axes
 + Level 6.6 Armour
 + Level 7.5 Dodging
   Level 3.2 Shields


You had 10 spell levels left.
You didn't know any spells.

Dungeon Overview and Level Annotations

Branches:
Dungeon (11/15)            Temple (1/1) D:6            Lair (0/6) D:8
    Orc (0/2) D:10

Altars:
Ashenzari
Cheibriados
Dithmenos
Elyvilon
Fedhas
Gozag
Hepliaklqana
Kikubaaqudgha
Makhleb
Nemelex Xobeh
Okawaru
Qazlal
Ru
Sif Muna
Trog
Uskayaw
Vehumet
Xom
Yredelemnul
Zin
The Shining One

Shops:
D:10 (


Innate Abilities, Weirdness & Mutations

You are resistant to damage.
You can heal yourself by infusing magical energy.
You passively map the area around you.
You do not regenerate.
You are partially covered in large bone plates. (SH +4)
You have an increased reservoir of magic. (+10% MP)
You are resistant to hostile enchantments. (MR+)


Message History

Some of the chunks of flesh in your inventory have rotted away.
You start waiting.
All of the chunks of flesh in your inventory have rotted away.
A cyclops comes into view.
The cyclops shouts!
The cyclops throws a large rock.
The large rock hits you but does no damage.
You see here a large rock.
The cyclops throws a large rock.
The large rock barely misses you.
The cyclops throws a large rock.
The large rock hits you!
You see here a large rock.
The cyclops hits you!
* * * LOW HITPOINT WARNING * * *
Things that are here:
a morningstar; a robe You hit the cyclops but do no damage.
The cyclops hits you!!
* * * LOW HITPOINT WARNING * * *
Your plate armour prevents you from hitting the cyclops.
The cyclops hits you!
You die...

#.# * **
#..####.# ...,, ,
#..####.# *#.#*
****, #.......#
.# ##.####.# * *
####.####)####.#
*
,...............#
*,*
#.#######[######
* , #C# * #@# ,
#.# * ** ##(## *
#..[# * ###...###
** #..[(...# * ,
#..)(...# * ,
##......# ** ,
##...###


You could see a cyclops.

Vanquished Creatures
  3 two-headed ogres
  An unseen horror (D:11)
  Pikel (D:7)
  Joseph (D:8)
  A kobold demonologist (D:10)
  A vampire (D:9)
  A wyvern (D:10)
  A wraith (D:10)
  5 yaks (D:8)
  A basilisk (D:8)
  The ghost of tizzy the Chopper, an amateur DsGl of Makhleb (D:3)
  Menkaure (D:7)
  2 porcupines (D:8)
  4 orc warriors
  A sky beast (D:6)
  4 ice beasts
  5 phantoms
  5 black bears
  A swamp drake (D:10)
  6 ogres
  A necrophage (D:10)
  3 centaurs
  3 crocodiles
  3 bullfrogs
  3 scorpions
  5 killer bees (D:8)
  9 wights
  A howler monkey (D:8)
  6 crimson imps
  A bullfrog zombie (D:10)
  3 hounds
  7 orc priests
  2 quasits
  4 orc wizards
  5 jellies
  A centaur skeleton (D:6)
  2 bullfrog skeletons
  4 iguanas
  9 worker ants
  A hound zombie (D:8)
  A hound skeleton (D:7)
  A howler monkey zombie (D:7)
  Robin (D:4)
  6 gnolls
  11 adders
  3 shadow imps
  6 oozes
  2 worms
  A dart slug (D:1)
  4 leopard geckos
  32 orcs
  6 giant cockroaches
  18 goblins
  9 hobgoblins
  16 jackals
  6 kobolds
  5 quokkas
  2 bats
  9 frilled lizards
  A leopard gecko zombie (D:7)
  A quokka skeleton (D:6)
  A quokka zombie (D:5)
  7 rats
  A plant (D:8)
269 creatures vanquished.

Vanquished Creatures (others)
  A quokka (D:7)
  3 plants (D:8)
4 creatures vanquished.

Grand Total: 273 creatures vanquished

Notes
Turn   | Place    | Note
-------+----------+-------------------------------------------
     0 | D:1      | ChaseSP the Deep Dwarf Fighter began the quest for the Orb.
     0 | D:1      | Reached XP level 1. HP: 20/20 MP: 1/1
    78 | D:1      | Found a snail-covered altar of Cheibriados.
   122 | D:1      | Reached skill level 3 in Axes
   122 | D:1      | Reached XP level 2. HP: 22/27 MP: 2/2
   779 | D:2      | Reached XP level 3. HP: 25/33 MP: 3/3
   826 | D:2      | Reached skill level 4 in Axes
   891 | D:2      | Found a shattered altar of Ashenzari.
  1071 | D:2      | Found a shimmering altar of Xom.
  1072 | D:2      | Found a shimmering altar of Xom.
  1072 | D:2      | Found a shimmering altar of Xom.
  1073 | D:2      | Found a shimmering altar of Xom.
  1339 | D:3      | Noticed tizzy's ghost (amateur DsGl)
  1354 | D:3      | Killed tizzy's ghost
  1354 | D:3      | Reached skill level 6 in Axes
  1354 | D:3      | Reached XP level 4. HP: 29/40 MP: 4/4
  1354 | D:3      | Reached XP level 5. HP: 34/46 MP: 5/5
  1442 | D:3      | Found a white marble altar of Elyvilon.
  2283 | D:4      | Reached XP level 6. HP: 39/55 MP: 5/5
  2618 | D:4      | Noticed Robin
  2625 | D:4      | Reached skill level 7 in Axes
  2633 | D:4      | Killed Robin
  3288 | D:5      | Entered Level 5 of the Dungeon
  3677 | D:5      | Reached skill level 8 in Axes
  3677 | D:5      | Reached XP level 7. HP: 49/61 MP: 6/6
  4200 | D:6      | Found an iron altar of Okawaru.
  4216 | D:6      | Reached skill level 9 in Axes
  4448 | D:6      | Found a staircase to the Ecumenical Temple.
  4453 | D:6      | Reached skill level 10 in Axes
  4453 | D:6      | Reached XP level 8. HP: 36/68 MP: 7/7
  4464 | Temple   | Entered the Ecumenical Temple
  4723 | D:6      | Reached skill level 5 in Armour
  4798 | D:6      | Found a bloodstained altar of Trog.
  4832 | D:6      | Reached skill level 11 in Axes
  4843 | D:6      | Found a sparkling altar of Nemelex Xobeh.
  4884 | D:6      | Found a glowing silver altar of Zin.
  5107 | D:7      | Noticed Pikel
  5133 | D:7      | Killed Pikel
  5133 | D:7      | Reached skill level 1 in Dodging
  5133 | D:7      | Gained mutation: You passively map the area around you. [Deep Dwarf growth]
  5133 | D:7      | Reached XP level 9. HP: 38/76 MP: 7/7
  5197 | D:7      | Reached skill level 12 in Axes
  5267 | D:7      | Noticed Menkaure
  5275 | D:7      | Killed Menkaure
  5654 | D:8      | Noticed Joseph
  5717 | D:8      | Killed Joseph
  5741 | D:8      | Found a staircase to the Lair.
  5772 | D:8      | Reached skill level 13 in Axes
  5799 | D:8      | Reached XP level 10. HP: 60/87 MP: 6/6
  5802 | D:8      | Noticed a two-headed ogre
  5817 | D:8      | Killed a two-headed ogre
  5817 | D:8      | Reached skill level 5 in Fighting
  5818 | D:8      | Reached skill level 5 in Dodging
  6543 | D:9      | Reached skill level 14 in Axes
  6562 | D:9      | Found a stormy altar of Qazlal.
  6598 | D:9      | Found a blossoming altar of Fedhas.
  6598 | D:9      | Found a shattered altar of Ashenzari.
  6643 | D:9      | Identified Sif Muna's Collected Works on the Dusty Oath
  6660 | D:9      | Found a burning altar of Makhleb.
  6670 | D:9      | Became a worshipper of Makhleb the Destroyer
  6716 | D:9      | Found an ancient bone altar of Kikubaaqudgha.
  7117 | D:10     | Entered Level 10 of the Dungeon
  7123 | D:10     | Noticed a cyclops
  7124 | D:10     | Noticed a manticore
  7156 | D:10     | Gained mutation: You are partially covered in large bone plates. (SH +4) [potion of mutation]
  7156 | D:10     | Gained mutation: You have an increased reservoir of magic. (+10% MP) [potion of mutation]
  7156 | D:10     | Gained mutation: You are resistant to hostile enchantments. (MR+) [potion of mutation]
  7169 | D:10     | Noticed a centaur warrior
  7202 | D:10     | Noticed a wizard
  7368 | D:10     | Reached * piety under Makhleb
  7393 | D:10     | Reached XP level 11. HP: 72/98 MP: 5/5
  7571 | D:10     | Found Iruqeas's Antique Weapon Shoppe.
  7578 | D:10     | Bought a dazzling war axe for 229 gold pieces
  7579 | D:10     | Identified the +3 war axe of Untruth {freeze, Int+2 Dex+2} (You bought it in a shop on level 10 of the Dungeon)
  7684 | D:10     | Found a staircase to the Orcish Mines.
  7873 | D:10     | Noticed a two-headed ogre
  7876 | D:10     | Killed a two-headed ogre
  7998 | D:11     | Noticed a two-headed ogre
  8005 | D:11     | Killed a two-headed ogre
  8025 | D:11     | Reached skill level 15 in Axes
  8071 | D:11     | Killed an unseen horror
  8071 | D:11     | Reached ** piety under Makhleb
  8079 | D:11     | Got a faintly glowing ring mail
  8090 | D:11     | Identified the cursed +1 ring mail of the Aged Beds {*Slow rF++ Str+3} (You found it on level 11 of the Dungeon)
  8208 | D:11     | HP: 4/99 [cyclops (24)]
  8209 | D:11     | Mangled by a cyclops

Skill      XL: |  1  2  3  4  5  6  7  8  9 10 11 |
---------------+----------------------------------+-----
Axes           | 3 6 8 10 11 13 14 15 | 15.1
Armour         | 4 6 |  6.6
Fighting       | 3 4 6 |  6.7
Dodging        | 1 4 6 7 |  7.5
Shields        | |  3.2

Action                   |  1- 3 |  4- 6 |  7- 9 | 10-12 || total
-------------------------+-------+-------+-------+-------++-------
Melee: War axe           |   122 |   194 |   408 |   386 ||  1110
       Battleaxe         |       |       |       |    43 ||    43
 Abil: Heal Wounds       |     2 |     5 |    12 |    13 ||    32
Evoke: Wand              |       |       |       |     3 ||     3
  Use: Potion            |     1 |       |     2 |     5 ||     8
       Scroll            |       |     8 |       |     5 ||    13
  Eat: Chunk             |     2 |     7 |     8 |     8 ||    25
Armor: Scale mail        |    45 |    13 |       |       ||    58
       Chain mail        |       |   100 |   253 |   174 ||   527
       Plate armour      |       |       |       |     1 ||     1
Dodge: Dodged            |    44 |    43 |    94 |    84 ||   265
Block: Shield            |    51 |   111 |   195 |   178 ||   535
       Other             |       |       |       |     6 ||     6
